[Event "December 5 Early 2023"]
[Site "https://www.chess.com"]
[Date "2023.12.05"]
[Round "9"]
[White "Pranav, V"]
[Black "Mamedov, Edgar"]
[Result "1-0"]
[Board "22"]
[TimeControl "180+1"]
[WhiteFideId "25060783"]
[BlackFideId "13739980"]
[WhiteElo "3055"]
[BlackElo "2749"]
[WhiteTeam "IND"]
[BlackTeam "KAZ"]
[WhiteClock "0:00:08"]
[BlackClock "0:00:02"]

1. e4 c5 2. Nf3 Nc6 3. Bb5 e5 4. O-O Bd6 5. c3 a6 6. Ba4 b5 7. Bc2 Nge7 8. d4 cxd4 9. cxd4 Nxd4 10. Nxd4 exd4 11. Qxd4 Qc7 12. Nc3 Bxh2+ 13. Kh1 Be5 14. Qd1 O-O 15. f4 Bxc3 16. bxc3 d5 17. Ba3 dxe4 18. Bxe4 Bb7 19. Qf3 Rab8 20. Rae1 Rfe8 21. Bxb7 Rxb7 22. Re2 a5 23. Bd6 Qb6 24. Rfe1 Kf8 25. Qd3 Rd7 26. Qxh7 f6 27. Qh8+ Kf7 28. Qh5+ Kf8 29. Bc5 Qc6 30. Re6 Rd5 31. Qh8+ Kf7 32. Rxe7+ Rxe7 33. Rxe7+ Kg6 34. Qxg7+ Kf5 35. Qh7+ Kxf4 36. Re4+ Kg3 37. Qh2# 1-0

[Event "December 5 Early 2023"]
[Site "https://www.chess.com"]
[Date "2023.12.05"]
[Round "9"]
[White "Bluebaum, Matthias"]
[Black "IM_ArthurDW08"]
[Result "1-0"]
[Board "23"]
[TimeControl "180+1"]
[WhiteFideId "24651516"]
[WhiteElo "3022"]
[BlackElo "2813"]
[WhiteTeam "GER"]
[WhiteClock "0:01:35"]
[BlackClock "0:00:00"]

1. d4 Nf6 2. c4 g6 3. Nc3 Bg7 4. e4 d6 5. Nf3 O-O 6. Be2 e5 7. Be3 Qe8 8. dxe5 Ng4 9. Bg5 Nxe5 10. Nd5 Nxf3+ 11. Bxf3 f6 12. Nxc7 Qf7 13. Qd5 fxg5 14. Qxf7+ Rxf7 15. Nxa8 g4 16. Be2 Bxb2 17. Rd1 Bc3+ 18. Kf1 Kf8 19. c5 Nc6 20. cxd6 Bd4 21. f3 gxf3 22. Bxf3 g5 23. h3 h5 24. Ke1 g4 25. hxg4 hxg4 26. Rxd4 Nxd4 27. Rh8+ Kg7 28. Rxc8 gxf3 29. gxf3 Nxf3+ 30. Ke2 Ng5 31. Ke3 Kf6 32. Nc7 Ke5 33. Nb5 Rf3+ 34. Ke2 Rh3 35. Rc5+ Kf4 36. Rf5+ 1-0

[Event "December 5 Early 2023"]
[Site "https://www.chess.com"]
[Date "2023.12.05"]
[Round "9"]
[White "Yuan, Qingyu"]
[Black "Movahed, Sina"]
[Result "1-0"]
[Board "24"]
[TimeControl "180+1"]
[WhiteFideId "8609772"]
[BlackFideId "42520835"]
[WhiteElo "2807"]
[BlackElo "2929"]
[WhiteTeam "CHN"]
[BlackTeam "IRI"]
[WhiteClock "0:00:16"]
[BlackClock "0:00:00"]

1. e4 c5 2. Nf3 d6 3. Bb5+ Bd7 4. Bxd7+ Qxd7 5. c4 e5 6. Nc3 Nc6 7. d3 Nge7 8. a3 Ng6 9. Nd5 Be7 10. b4 Bd8 11. O-O O-O 12. Rb1 Bb6 13. Be3 f5 14. exf5 Rxf5 15. Nd2 Raf8 16. Ne4 cxb4 17. Bxb6 axb6 18. axb4 Nf4 19. Nxb6 Qe6 20. g3 Qg6 21. Nd5 Nxd5 22. cxd5 Nd4 23. Kg2 Rf3 24. Rc1 b5 25. Rc7 R3f7 26. Rxf7 Rxf7 27. f3 h6 28. Qc1 Ra7 29. Rf2 Kh7 30. f4 Re7 31. Qc8 Nf5 32. Kh1 Qg4 33. Qc1 Qg6 34. Qc8 Ra7 35. Qc1 Nd4 36. fxe5 dxe5 37. d6 Qe6 38. Kg2 Rf7 39. Qf1 Rd7 40. Qd1 Qd5 41. Kg1 Ra7 42. Qh5 Qc4 43. dxc4 1-0

[Event "December 5 Early 2023"]
[Site "https://www.chess.com"]
[Date "2023.12.05"]
[Round "9"]
[White "Dragun, Kamil"]
[Black "Vasquez Schroeder, Rodrigo"]
[Result "0-1"]
[Board "25"]
[TimeControl "180+1"]
[WhiteFideId "1134167"]
[BlackFideId "3400042"]
[WhiteElo "2812"]
[BlackElo "2911"]
[WhiteTeam "POL"]
[BlackTeam "CHI"]
[WhiteClock "0:00:00"]
[BlackClock "0:00:51"]

1. d4 Nf6 2. c4 e6 3. Nf3 c5 4. d5 d6 5. Nc3 exd5 6. cxd5 g6 7. e4 a6 8. Be2 b5 9. e5 dxe5 10. Nxe5 Bg7 11. O-O O-O 12. Bf3 Bb7 13. Nc6 Qb6 14. Ne7+ Kh8 15. Bf4 Nbd7 16. d6 Rad8 17. Re1 Rfe8 18. h4 Nf8 19. h5 Ne6 20. Be5 Bxf3 21. Qxf3 Nxh5 22. Qxf7 Bxe5 23. Rxe5 Nhg7 24. Ne4 Rf8 25. Nxg6+ hxg6 26. Qxg6 c4 27. Rf1 Qd4 28. Ng5 Nxg5 29. Rxg5 Rxd6 0-1

[Event "December 5 Early 2023"]
[Site "https://www.chess.com"]
[Date "2023.12.05"]
[Round "9"]
[White "Zou, Chen"]
[Black "Demchenko, Anton"]
[Result "1/2-1/2"]
[Board "26"]
[TimeControl "180+1"]
[WhiteFideId "8610959"]
[BlackFideId "4160258"]
[WhiteElo "2750"]
[BlackElo "2900"]
[WhiteTeam "CHN"]
[BlackTeam "SLO"]
[WhiteClock "0:00:05"]
[BlackClock "0:00:09"]

1. e4 e5 2. Nf3 Nc6 3. Bb5 a6 4. Ba4 Nge7 5. c3 Ng6 6. O-O d6 7. d4 Bd7 8. Bc2 Be7 9. Re1 O-O 10. h3 Qc8 11. Nbd2 Kh8 12. Nf1 f5 13. exf5 Bxf5 14. Bxf5 Qxf5 15. Ng3 Qf7 16. Be3 d5 17. dxe5 Ncxe5 18. Nxe5 Nxe5 19. Bd4 Nc6 20. Be3 Rae8 21. Qh5 Bd6 22. Qxf7 Rxf7 23. Nf1 Ne5 24. Rad1 c6 25. Bd4 Rfe7 26. Bxe5 Rxe5 27. Rxe5 Bxe5 28. Nd2 Kg8 29. Kf1 Kf7 30. Re1 Bf6 31. Rxe8 Kxe8 32. Ke2 Kd7 33. Kd3 c5 34. b3 b5 35. f4 c4+ 36. Kc2 g6 37. g4 Ke6 38. Nf3 Kd6 39. b4 d4 40. Nxd4 Kd5 41. f5 Ke4 42. fxg6 hxg6 43. Ne6 Kf3 44. Nc7 Kg3 45. Nxa6 Be5 46. Nc5 Kxh3 47. g5 Kg4 48. Ne6 Kf5 49. Nc5 Kxg5 50. a4 bxa4 51. Nxa4 Kf4 52. Kd2 Kf3 53. Ke1 Ke3 54. b5 Kd3 55. b6 g5 56. Kf1 Kc2 57. b7 Kb3 58. Nb6 Kxc3 59. Kg2 Kd3 60. Nxc4 Kxc4 61. Kf3 Kd5 62. Kg4 Kc6 63. Kxg5 Kxb7 1/2-1/2

[Event "December 5 Early 2023"]
[Site "https://www.chess.com"]
[Date "2023.12.05"]
[Round "9"]
[White "Baskakov, Egor"]
[Black "Miladinovic, Igor"]
[Result "1/2-1/2"]
[Board "27"]
[TimeControl "180+1"]
[WhiteFideId "24197866"]
[BlackFideId "4203380"]
[WhiteElo "2890"]
[BlackElo "2802"]
[WhiteTeam "RUS"]
[BlackTeam "SRB"]
[WhiteClock "0:00:08"]
[BlackClock "0:00:10"]

1. e4 c5 2. Nf3 Nc6 3. Nc3 e6 4. Be2 a6 5. a4 Qc7 6. O-O Nf6 7. d4 cxd4 8. Nxd4 Bd6 9. h3 Nxd4 10. Qxd4 b6 11. Be3 Rb8 12. Rad1 Be5 13. Qb4 d6 14. Rd3 O-O 15. f4 Bxc3 16. Rxc3 Qe7 17. Rd1 Bb7 18. Bf3 a5 19. Qxd6 Qxd6 20. Rxd6 Bxe4 21. Bxb6 Bxf3 22. Rxf3 Nd5 23. Bd4 Rb4 24. c3 Rxa4 25. f5 Re8 26. fxe6 fxe6 27. Rd7 Ne7 28. g4 Ra1+ 29. Kg2 Ra2 30. Rf2 a4 31. Ra7 h6 32. h4 Ra1 33. Re2 Kf7 34. h5 Rd1 35. Rf2+ Kg8 36. Re2 Rxd4 37. cxd4 Nd5 38. Re5 Rb8 39. Rxa4 Rxb2+ 40. Kg3 Rb3+ 41. Kf2 Nf4 42. Ra8+ Kf7 43. Re4 Nh3+ 44. Ke2 Ng5 45. Rf4+ Ke7 46. Ra7+ Kd6 47. Rxg7 Rb2+ 48. Kd3 Rb3+ 49. Kc2 Rg3 50. Rg6 Kd5 51. Rxh6 Nh3 52. Rhf6 Nxf4 53. Rxf4 e5 54. dxe5 Kxe5 55. Ra4 Kf6 56. Kd2 Kg5 57. Ke2 Rb3 58. Kf2 Rc3 59. Kg2 Rb3 60. Re4 Rc3 61. Kf2 Rb3 62. Ke2 Ra3 63. Kd2 Rb3 64. Ke2 Ra3 65. Re3 Ra5 66. Kf3 Rb5 67. Kg3 Rc5 68. Kh3 Rb5 69. Rc3 Rd5 70. h6 Kxh6 71. Kh4 Rd6 72. Rc5 Kg6 73. Rg5+ Kh6 74. Rg8 Kh7 75. Rc8 Kg6 76. Rg8+ Kh7 77. Rf8 Kg6 78. Rf5 Re6 79. Kg3 Rd6 80. Rc5 Rb6 81. Rc4 Ra6 82. Kf4 Rf6+ 83. Kg3 Ra6 84. Rf4 Rb6 85. Kh4 Rc6 86. Rf5 Rb6 87. Rg5+ Kh6 88. Rh5+ Kg6 89. Rg5+ Kh6 90. Rh5+ Kg6 91. Rg5+ 1/2-1/2

[Event "December 5 Early 2023"]
[Site "https://www.chess.com"]
[Date "2023.12.05"]
[Round "9"]
[White "Bardyk, Artem"]
[Black "Novozhilov, Semen"]
[Result "1/2-1/2"]
[Board "28"]
[TimeControl "180+1"]
[WhiteFideId "34349979"]
[BlackFideId "24289167"]
[WhiteElo "2878"]
[BlackElo "2715"]
[WhiteTeam "RUS"]
[BlackTeam "RUS"]
[WhiteClock "0:00:02"]
[BlackClock "0:00:07"]

1. e4 e6 2. d4 d5 3. Nc3 Nf6 4. Bg5 Bb4 5. exd5 exd5 6. Bd3 O-O 7. Ne2 b6 8. O-O Bb7 9. Nf4 c6 10. Nce2 Be7 11. Ng3 h6 12. Bxf6 Bxf6 13. c3 Ba6 14. Re1 Bxd3 15. Nxd3 Nd7 16. Qg4 g6 17. Nb4 Qc7 18. Nh5 Bg5 19. Ng3 a5 20. Nd3 Rfe8 21. h4 Nf6 22. Qh3 Bd2 23. Rxe8+ Rxe8 24. h5 Kg7 25. hxg6 fxg6 26. Ne5 Bf4 27. Nf3 Bxg3 28. fxg3 c5 29. Rf1 cxd4 30. Nxd4 Qd7 31. Qxd7+ Nxd7 32. Rd1 Nc5 33. b4 Ne4 34. Re1 Rc8 35. bxa5 bxa5 36. Ne6+ Kf7 37. Nf4 Nxc3 38. Kh2 g5 39. Nd3 Ne4 40. Rb1 Rc3 41. Rb7+ Kf6 42. Rb6+ Kf5 43. Ne1 Nxg3 44. Rxh6 g4 45. Rh8 Re3 46. Nc2 Rd3 47. Ra8 Rd2 48. Kxg3 Rxc2 49. Rxa5 Ke4 50. Kxg4 Rxg2+ 51. Kh3 Rg8 52. a4 d4 53. Ra7 Ke3 54. Rd7 Kd2 55. Rxd4+ Kc3 56. Rg4 Rxg4 1/2-1/2

[Event "December 5 Early 2023"]
[Site "https://www.chess.com"]
[Date "2023.12.05"]
[Round "9"]
[White "Kazakouski, Valery"]
[Black "Nigalidze, Gaioz"]
[Result "1-0"]
[Board "29"]
[TimeControl "180+1"]
[WhiteFideId "13507443"]
[BlackFideId "13603078"]
[WhiteElo "2867"]
[BlackElo "2700"]
[WhiteTeam "LTU"]
[BlackTeam "GEO"]
[WhiteClock "0:01:38"]
[BlackClock "0:01:05"]

1. e4 e5 2. Nf3 Nc6 3. Bc4 Nf6 4. d3 Bc5 5. c3 h6 6. O-O O-O 7. d4 Bd6 8. Re1 a6 9. Bb3 b5 10. dxe5 Bb7 11. exd6 Ne5 12. Nxe5 cxd6 13. Qxd6 Nxe4 14. Qd4 d5 15. f3 Nf6 16. Bf4 Re8 17. Nd2 a5 18. Rad1 a4 19. Bc2 Re7 20. Nf1 Qe8 21. Ng3 Rc8 22. Nf5 Rc4 23. Nxe7+ Qxe7 24. Nxc4 Qd7 25. Ne5 Qc6 26. Nxc6 Bxc6 27. Bxh6 gxh6 28. Qxf6 1-0

[Event "December 5 Early 2023"]
[Site "https://www.chess.com"]
[Date "2023.12.05"]
[Round "9"]
[White "Nagare Kaivalya Sandip"]
[Black "Xu, Yi"]
[Result "1-0"]
[Board "30"]
[TimeControl "180+1"]
[WhiteFideId "25957929"]
[BlackFideId "8605564"]
[WhiteElo "2690"]
[BlackElo "2855"]
[WhiteTeam "IND"]
[BlackTeam "CHN"]
[WhiteClock "0:00:13"]
[BlackClock "0:00:02"]

1. e4 c5 2. Nf3 Nc6 3. d4 cxd4 4. Nxd4 Nf6 5. Nc3 e6 6. Bg5 d6 7. Qd2 a6 8. O-O-O Bd7 9. Kb1 Be7 10. h4 h6 11. Be3 b5 12. f3 Nxd4 13. Bxd4 h5 14. Bd3 Bc6 15. Ne2 Rb8 16. Be3 a5 17. Nd4 Bd7 18. Bg5 e5 19. Nf5 Bxf5 20. exf5 Qc7 21. Bxf6 Bxf6 22. Be4 Be7 23. g4 b4 24. g5 a4 25. Qd5 a3 26. g6 O-O 27. gxf7+ Kh8 28. Rdg1 Bf6 29. Rg5 Rxf7 30. Rxh5+ Kg8 31. Rg1 b3 32. cxb3 Qa7 33. Rg2 Rc8 34. Rhg5 Bxg5 35. hxg5 Qe3 36. Qd1 Rfc7 37. Bd5+ Kf8 38. Bc4 axb2 39. Qxd6+ Re7 40. Kxb2 Rxc4 41. bxc4 Qxf3 42. Rh2 Qb7+ 43. Kc1 Qf3 44. Rh8+ Kf7 45. g6# 1-0

[Event "December 5 Early 2023"]
[Site "https://www.chess.com"]
[Date "2023.12.05"]
[Round "9"]
[White "Prohaszka, Peter"]
[Black "Finek, Vaclav"]
[Result "1/2-1/2"]
[Board "31"]
[TimeControl "180+1"]
[WhiteFideId "726265"]
[BlackFideId "23718293"]
[WhiteElo "2682"]
[BlackElo "2841"]
[WhiteTeam "HUN"]
[BlackTeam "CZE"]
[WhiteClock "0:00:09"]
[BlackClock "0:00:14"]

1. e4 c5 2. Nf3 g6 3. h4 d5 4. e5 Bg4 5. c3 Nc6 6. Bb5 Qb6 7. Qa4 Bxf3 8. gxf3 a6 9. Bxc6+ Qxc6 10. Qxc6+ bxc6 11. d3 h5 12. Ke2 e6 13. Nd2 Nh6 14. Nf1 Nf5 15. Bg5 Be7 16. Ne3 Bxg5 17. hxg5 Rb8 18. Rab1 Kd7 19. Nxf5 exf5 20. b3 Ke6 21. d4 f4 22. dxc5 Kxe5 23. Kd3 Kf5 24. Rhg1 Rbe8 25. b4 Re5 26. a4 Rb8 27. Rb2 Re7 28. Kd4 f6 29. gxf6 Kxf6 30. b5 axb5 31. axb5 cxb5 32. Rgb1 h4 33. Rxb5 Rxb5 34. Rxb5 h3 35. Rb1 Rh7 36. Kxd5 h2 37. Rh1 Ke7 38. Ke5 Rh4 39. c6 Kd8 40. Kf6 Kc7 41. Kxg6 Rh3 42. Kf5 Rxf3 43. Rxh2 Rxc3 44. Kxf4 Rxc6 45. Kg5 Kd7 46. f4 Ke7 47. Rh7+ Kf8 48. Ra7 Rc5+ 49. f5 Rc6 50. Rb7 Ra6 51. Rd7 Rc6 52. Rh7 Rb6 53. Rh8+ Kg7 54. Ra8 Kf7 55. Ra7+ Kf8 56. Ra5 Rc6 57. Re5 Rb6 58. Re4 Rc6 59. Rg4 Rd6 60. Kh5 Kf7 61. Kg5 Rb6 62. Rh4 Rc6 63. Rh1 Rb6 64. Rd1 Kf8 65. Rd7 Ra6 66. Rh7 Rb6 67. Ra7 Rc6 68. Kf4 Rc4+ 69. Ke5 Rc6 70. Rd7 Rb6 71. Rd1 Ra6 72. Rh1 Ra5+ 73. Kf6 Ra6+ 74. Kg5 Rb6 75. Rh2 Ra6 76. Rh7 Rb6 1/2-1/2

[Event "December 5 Early 2023"]
[Site "https://www.chess.com"]
[Date "2023.12.05"]
[Round "9"]
[White "Bacrot, Etienne"]
[Black "Goryachkina, Aleksandra"]
[Result "1-0"]
[Board "32"]
[TimeControl "180+1"]
[WhiteFideId "605506"]
[BlackFideId "4147103"]
[WhiteElo "2834"]
[BlackElo "2675"]
[WhiteTeam "FRA"]
[BlackTeam "FID"]
[WhiteClock "0:00:26"]
[BlackClock "0:00:00"]

1. e4 c5 2. Nf3 e6 3. d4 cxd4 4. Nxd4 Nc6 5. Nb5 Nf6 6. Bf4 e5 7. Bg5 d6 8. N1c3 a6 9. Na3 b5 10. Nd5 Be7 11. Bxf6 Bxf6 12. g3 O-O 13. Bg2 Rb8 14. O-O Be7 15. c3 Be6 16. Nc2 g6 17. Qd2 Bg5 18. Qd3 Bh6 19. Rad1 Rb7 20. f4 Rd7 21. f5 Bxd5 22. Qxd5 Ne7 23. Qb3 Qc7 24. Kh1 Nc6 25. Bh3 Na5 26. Qd5 Rdd8 27. Nb4 Nc4 28. fxg6 hxg6 29. Rf6 Kg7 30. Rdf1 Ne3 31. Qd3 Nxf1 32. Rxf1 a5 33. Nd5 Qc4 34. Qf3 f6 35. Be6 Qc5 36. Qg4 b4 37. Bf5 g5 38. Qh5 1-0

[Event "December 5 Early 2023"]
[Site "https://www.chess.com"]
[Date "2023.12.05"]
[Round "9"]
[White "Banzea, Alexandru-Bogdan"]
[Black "Rustemov, Alexander"]
[Result "0-1"]
[Board "33"]
[TimeControl "180+1"]
[WhiteFideId "1232622"]
[BlackFideId "4119002"]
[WhiteElo "2667"]
[BlackElo "2829"]
[WhiteTeam "ROU"]
[BlackTeam "RUS"]
[WhiteClock "0:00:00"]
[BlackClock "0:00:33"]

1. d4 d5 2. Nc3 Nf6 3. Bf4 a6 4. e3 e6 5. Nf3 c5 6. dxc5 Bxc5 7. Bd3 O-O 8. O-O Nc6 9. e4 h6 10. e5 Nd7 11. Qd2 f6 12. exf6 Qxf6 13. Bg3 Nde5 14. Nxe5 Nxe5 15. Rae1 Nxd3 16. Qxd3 Qf5 17. Be5 Qxd3 18. cxd3 Bd7 19. d4 Bb4 20. Re3 Rac8 21. Rg3 Rf7 22. Re1 Bxc3 23. bxc3 Ba4 24. Re2 b5 25. h4 Kh7 26. h5 Bd1 27. Ree3 Bxh5 28. Rh3 Bg4 29. Rh4 Bf5 30. f3 Rc4 31. g4 Bg6 32. f4 b4 33. cxb4 Rxb4 34. g5 h5 35. Rh2 Rfb7 36. Rf2 Bf5 37. Kh2 Kg6 38. Kg3 Rb1 39. Rc3 Rg1+ 40. Rg2 Rxg2+ 41. Kxg2 h4 42. Rc7 Rb2+ 43. Kf3 Kh5 0-1

[Event "December 5 Early 2023"]
[Site "https://www.chess.com"]
[Date "2023.12.05"]
[Round "9"]
[White "Gharibyan, Mamikon"]
[Black "Skatchkov, Valery"]
[Result "1-0"]
[Board "34"]
[TimeControl "180+1"]
[WhiteFideId "13308300"]
[BlackFideId "24195812"]
[WhiteElo "2820"]
[BlackElo "2617"]
[WhiteTeam "ARM"]
[BlackTeam "RUS"]
[WhiteClock "0:00:11"]
[BlackClock "0:00:01"]

1. e4 e5 2. Nf3 Nf6 3. Nxe5 d6 4. Nf3 Nxe4 5. d4 d5 6. Bd3 Bd6 7. O-O O-O 8. c4 c6 9. cxd5 cxd5 10. Nc3 Nxc3 11. bxc3 Bg4 12. h3 Bh5 13. Rb1 Nd7 14. Rb5 Nf6 15. Bg5 a6 16. Bxf6 Qxf6 17. Rxd5 Bxf3 18. Qxf3 Qxf3 19. gxf3 Rfd8 20. c4 b5 21. Be4 Rac8 22. c5 Be7 23. Rc1 Rxd5 24. Bxd5 Bf6 25. Bb7 Rc7 26. d5 Be7 27. Bc6 Kf8 28. Re1 f6 29. Rc1 b4 30. Kf1 a5 31. Ke2 a4 32. Kd3 b3 33. axb3 axb3 34. Kc4 b2 35. Rb1 Rc8 36. Rxb2 Ra8 37. d6 1-0

[Event "December 5 Early 2023"]
[Site "https://www.chess.com"]
[Date "2023.12.05"]
[Round "9"]
[White "Novoselov, Roman"]
[Black "BestStelker"]
[Result "0-1"]
[Board "35"]
[TimeControl "180+1"]
[WhiteFideId "4135067"]
[WhiteElo "2593"]
[BlackElo "2817"]
[WhiteTeam "RUS"]
[WhiteClock "0:00:06"]
[BlackClock "0:00:08"]

1. d4 Nf6 2. Nc3 e6 3. e4 d5 4. exd5 exd5 5. Bd3 Bd6 6. Nge2 O-O 7. Bg5 h6 8. Bxf6 Qxf6 9. Nxd5 Qg5 10. Ne3 c5 11. Qd2 Nc6 12. h4 Qf6 13. Nd5 Qe6 14. dxc5 Bxc5 15. Nc7 Qf6 16. Nxa8 Qxf2+ 17. Kd1 Bg4 18. Nc7 Qxg2 19. Re1 Ne5 20. Qf4 Nxd3 21. cxd3 Rd8 22. Qc4 Be3 23. Nb5 Bxe2+ 24. Rxe2 Qf1+ 25. Kc2 Qxe2+ 26. Kb3 Qxd3+ 27. Qxd3 Rxd3+ 28. Kc4 Rd2 29. Re1 Bb6 30. Re8+ Kh7 31. Kc3 Rh2 32. Re4 a6 33. Nd6 Kg6 34. Nxb7 f5 35. Re6+ Kh5 36. Rxb6 f4 37. Rxa6 f3 38. Ra5+ Kxh4 39. Rf5 f2 40. a4 Kg4 41. Rf7 Rh3+ 42. Kc4 Rf3 43. Rxg7+ Kh5 44. Kb4 f1=Q 45. b3 Qe1+ 46. Kb5 Qe5+ 47. Nc5 Qxg7 48. b4 Rf5 49. a5 Rxc5+ 50. bxc5 Qa7 51. a6 Kg5 52. Kc6 Qxa6+ 53. Kd7 Qb7+ 54. Kd6 Qc8 55. c6 h5 56. c7 h4 57. Ke7 h3 58. Kf7 h2 59. Kg7 h1=Q 60. Kf7 Qe4 61. Kg7 Qxc7+ 62. Kh8 Qe8# 0-1

[Event "December 5 Early 2023"]
[Site "https://www.chess.com"]
[Date "2023.12.05"]
[Round "9"]
[White "Estrada Nieto, Julian"]
[Black "Nguyen, Quoc Hy"]
[Result "0-1"]
[Board "36"]
[TimeControl "180+1"]
[WhiteFideId "5101018"]
[BlackFideId "12410853"]
[WhiteElo "2544"]
[BlackElo "2814"]
[WhiteTeam "ESP"]
[BlackTeam "VIE"]
[WhiteClock "0:00:49"]
[BlackClock "0:01:21"]

1. e4 c5 2. Nf3 d6 3. Bb5+ Bd7 4. Bxd7+ Qxd7 5. O-O Nc6 6. Qe2 Nf6 7. c3 e6 8. d4 d5 9. e5 Ne4 10. Nbd2 Nxd2 11. Bxd2 Be7 12. Rad1 O-O 13. dxc5 Bxc5 14. c4 dxc4 15. Qxc4 Be7 16. Qg4 Qd3 17. Bb4 Qb5 18. Bd2 Rfd8 19. Bh6 Bf8 20. Bg5 Rxd1 21. Rxd1 Nxe5 22. Nxe5 Qxe5 23. b3 Rc8 24. h3 Bd6 25. g3 Bc5 26. Rd7 Qe1+ 0-1

[Event "December 5 Early 2023"]
[Site "https://www.chess.com"]
[Date "2023.12.05"]
[Round "9"]
[White "Molina, Roberto Junio Brito"]
[Black "Thorfinnsson, Bjorn"]
[Result "0-1"]
[Board "37"]
[TimeControl "180+1"]
[WhiteFideId "2109450"]
[BlackFideId "2300982"]
[WhiteElo "2805"]
[BlackElo "2575"]
[WhiteTeam "BRA"]
[BlackTeam "ISL"]
[WhiteClock "0:00:00"]
[BlackClock "0:00:12"]

1. e4 e5 2. Nf3 Nc6 3. Bb5 Nge7 4. O-O d6 5. c3 Bd7 6. d4 Ng6 7. Re1 Be7 8. d5 Nb8 9. Bxd7+ Nxd7 10. c4 O-O 11. Nc3 a5 12. Be3 b6 13. Nd2 Bg5 14. Qg4 Bxe3 15. fxe3 Nc5 16. b3 Qh4 17. Qxh4 Nxh4 18. g3 Ng6 19. Rf1 Ne7 20. Rab1 f5 21. Kf2 f4 22. exf4 exf4 23. gxf4 Rxf4+ 24. Ke3 Rh4 25. Nf3 Rh3 26. Rg1 Ng6 27. Rg3 Rh5 28. Rbg1 Re8 29. R1g2 Re7 30. Nd4 Nh4 31. Rf2 Rhe5 32. Rg4 Rh5 33. Nc6 Rd7 34. Nb5 Ng6 35. Nbd4 Rh3+ 36. Ke2 Rf7 37. Nf5 Kf8 38. Kf1 Rf6 39. Kg2 Rc3 40. Ncd4 a4 41. Nb5 Rc1 42. Nxc7 axb3 43. axb3 Ne5 44. Rh4 Ned3 45. Rd2 Rg6+ 46. Ng3 Ne1+ 47. Kf2 Rf6+ 48. Ke2 Nf3 49. Rxh7 Re1+ 50. Kf2 Ra1 51. Re2 Ng5+ 52. Ke3 Nxh7 53. b4 Na6 54. Rb2 Nxc7 0-1

[Event "December 5 Early 2023"]
[Site "https://www.chess.com"]
[Date "2023.12.05"]
[Round "9"]
[White "Yeremyan, Alen"]
[Black "Spata, German"]
[Result "1-0"]
[Board "38"]
[TimeControl "180+1"]
[WhiteFideId "13308998"]
[BlackFideId "113026"]
[WhiteElo "2793"]
[BlackElo "2647"]
[WhiteTeam "ARM"]
[BlackTeam "ARG"]
[WhiteClock "0:01:26"]
[BlackClock "0:00:00"]

1. e4 e6 2. Nc3 d5 3. Qe2 dxe4 4. Nxe4 Nd7 5. d3 Ngf6 6. c3 Be7 7. g3 b6 8. Bg2 Rb8 9. Nf3 Bb7 10. O-O O-O 11. Bf4 Nd5 12. Bd2 N5f6 13. Rfe1 Nc5 14. Nxc5 Bxc5 15. d4 Bxf3 16. Bxf3 Be7 17. Rad1 Qd7 18. Bg2 Rfd8 19. Bf4 Bd6 20. Bg5 Be7 21. h3 h6 22. Bc1 Qa4 23. b3 Qd7 24. Bb2 c6 25. c4 Qc7 26. Qf3 Rbc8 27. a4 Rd7 28. Rd3 c5 29. d5 Rcd8 30. Be5 Qc8 31. h4 exd5 32. Bh3 d4 33. Bxd7 Qxd7 34. Bxf6 Bxf6 35. Re4 a6 36. Kg2 b5 37. axb5 axb5 38. Rf4 bxc4 39. bxc4 Qa4 40. Rxf6 gxf6 41. Qxf6 Re8 42. Rf3 Qxc4 43. Qxh6 Qd5 44. Qf6 Re5 45. Kh2 Qe6 46. Qf4 Re4 47. Qg5+ Qg6 48. Qxc5 Qe6 49. Rf5 Kg7 50. Rg5+ Kf6 51. Rg8 Qe5 52. Qc6+ Qe6 53. Qc7 Qf5 54. Qd6+ 1-0

[Event "December 5 Early 2023"]
[Site "https://www.chess.com"]
[Date "2023.12.05"]
[Round "9"]
[White "Weetik, Vjacheslav"]
[Black "Renjith, Sravan"]
[Result "1-0"]
[Board "39"]
[TimeControl "180+1"]
[WhiteFideId "4153472"]
[BlackFideId "4306783"]
[WhiteElo "2791"]
[BlackElo "2637"]
[WhiteTeam "RUS"]
[BlackTeam "NZL"]
[WhiteClock "0:00:39"]
[BlackClock "0:00:39"]

1. d4 d5 2. c4 e6 3. Nc3 c5 4. e3 Nc6 5. Nf3 Nf6 6. a3 cxd4 7. exd4 Be7 8. Bd3 O-O 9. O-O a6 10. Re1 dxc4 11. Bxc4 b5 12. Ba2 Bb7 13. d5 exd5 14. Nxd5 Nxd5 15. Qxd5 Bf6 16. Qh5 g6 17. Qg4 Qc8 18. Qg3 Re8 19. Bg5 Bxb2 20. h4 Bxa1 21. Rxa1 Qf5 22. Qc7 Rab8 23. Rd1 Rec8 24. Qg3 Kg7 25. Rd6 Re8 26. h5 Na5 27. Rf6 Qxf6 28. h6+ 1-0

[Event "December 5 Early 2023"]
[Site "https://www.chess.com"]
[Date "2023.12.05"]
[Round "9"]
[White "Damjanovic, Vuk"]
[Black "Narva, Mai"]
[Result "1-0"]
[Board "40"]
[TimeControl "180+1"]
[WhiteFideId "980021"]
[BlackFideId "4500512"]
[WhiteElo "2780"]
[BlackElo "2635"]
[WhiteTeam "SRB"]
[BlackTeam "EST"]
[WhiteClock "0:00:42"]
[BlackClock "0:00:00"]

1. Nf3 Nf6 2. b3 c5 3. Bb2 Nc6 4. e3 d6 5. d4 cxd4 6. Nxd4 e5 7. Nxc6 bxc6 8. c4 Be7 9. Nc3 O-O 10. Be2 Be6 11. O-O Rb8 12. Qc2 Qc8 13. Rfd1 Rd8 14. Rac1 a5 15. Na4 Bf5 16. Qd2 Qe6 17. Qxa5 Ng4 18. h3 Nxf2 19. Kxf2 Bxh3 20. gxh3 Qxh3 21. Ke1 Qxe3 22. Rd3 Qg1+ 23. Kd2 Bg5+ 24. Kc2 Bxc1 25. Bxc1 d5 26. Nc3 d4 27. Qxe5 Qg6 28. Qg5 dxc3 29. Qxg6 fxg6 30. Bf3 h5 31. Bg5 Rxd3 32. Kxd3 Rf8 33. Bxc6 Rf5 34. Bd5+ Kh7 35. Bd8 Rf2 36. Kxc3 Rxa2 37. c5 Ra1 38. c6 Rc1+ 39. Kb4 h4 40. Bxh4 Rd1 41. Kc5 Kh6 42. c7 1-0

[Event "December 5 Early 2023"]
[Site "https://www.chess.com"]
[Date "2023.12.05"]
[Round "9"]
[White "Gimenez Aguirre, Alejo Ismael"]
[Black "Wagner, Dennis"]
[Result "1-0"]
[Board "41"]
[TimeControl "180+1"]
[WhiteFideId "32041667"]
[BlackFideId "24650684"]
[WhiteElo "2631"]
[BlackElo "2769"]
[WhiteTeam "ARG"]
[BlackTeam "GER"]
[WhiteClock "0:00:22"]
[BlackClock "0:00:07"]

1. e4 e5 2. Nf3 Nf6 3. Nxe5 d6 4. Nf3 Nxe4 5. Nc3 Nf6 6. d4 g6 7. Bg5 Bg7 8. Qd2 Qe7+ 9. Be2 c6 10. O-O-O h6 11. Bh4 O-O 12. Rhe1 Bf5 13. Bd3 Qd7 14. Bxf6 Bxf6 15. Qxh6 Na6 16. Ng5 Bxg5+ 17. Qxg5 Bxd3 18. Rxd3 Rfe8 19. Ne4 Kg7 20. Qf6+ Kg8 21. Rh3 Qxh3 22. gxh3 d5 23. h4 dxe4 24. h5 Re6 25. Qf4 Rae8 26. hxg6 fxg6 27. a3 Kg7 28. h4 R8e7 29. h5 Nc7 30. Rg1 Nd5 31. Qh4 Rf6 32. Rxg6+ Rxg6 33. hxg6 Kxg6 34. c4 Nf6 35. Qg3+ Kf7 36. Qb8 a6 37. Qf4 Rd7 38. Qe5 Re7 39. Qf5 Rd7 40. Qc5 Ke6 41. a4 Rh7 42. Kb1 Rh5 43. Qb6 Rh7 44. Ka2 Rf7 45. Qd8 Kf5 46. a5 Kf4 47. Qd6+ Kf3 48. Qg3+ Ke2 49. Qe3+ Kf1 50. f3 Re7 51. fxe4 Nxe4 52. Qf3+ Ke1 53. d5 cxd5 54. cxd5 Nd2 55. Qg3+ Kd1 56. Qg1+ Kc2 57. Qc5+ Kd1 58. Qxe7 b5 59. axb6 a5 60. b7 a4 61. b8=Q a3 62. Qb3+ Nxb3 63. Kxb3 axb2 64. Kxb2 Kd2 65. d6 Kd1 66. d7 1-0